Map: Overgrown Facility

Players

Salazagarin - Winner!

  • Race: Protoss Protoss
  • Spawn Location: 9:00

MasterWar - Winner!

  • Race: Zerg Zerg
  • League: Gold
  • Spawn Location: 7:00

MonstroTown

  • Race: Terran Terran
  • Spawn Location: 3:00

Michael

  • Race: Zerg Zerg
  • League: Gold
  • Spawn Location: 1:00

VOD

Have the link to the VOD?

Description

Time

  • Played on: Sept. 29, 2018, 5:02 a.m.
  • Length: 15:28
Show
View Real Time Build Order
Export as new Build Order

Salazagarin Protoss - Winner!

Build Orders:  

Get SALT Encoding   

  12  0:04  Probe  
  13  0:15  Pylon  
  13  0:18  Probe  
  14  0:30  Probe  
  15  0:42  Probe  
  16  0:44  Gateway  
  16  0:54  Probe  
  16  0:58  Forge  
  17  1:06  Probe  
  18  1:19  Probe, Pylon  
  19  1:31  Probe  
  20  1:40  Photon Cannon  
  20  1:43  Photon Cannon, Probe  
  21  2:06  Probe  
  22  2:26  Probe  
  22  2:29  Assimilator  
  23  2:34  Assimilator  
  23  2:35  Cybernetics Core  
  23  2:37  Photon Cannon, Pylon  
  23  2:44  Pylon  
  23  3:05  Photon Cannon  
  23  3:10  Photon Cannon  
  23  3:23  Pylon  
  23  3:33  Nexus  
  23  3:40  Pylon  
  23  3:56  Robotics Facility  
  23  3:57  Sentry  
  23  3:59  Shield Battery  
  25  4:07  Probe  
  26  4:19  Twilight Council  
  26  4:20  Probe  
  27  4:28  Warp Gate  
  27  4:32  Probe  
  27  4:37  Observer  
  28  4:38  Gateway  
  28  4:41  Sentry  
  28  4:44  Probe  
  28  4:45  Gateway  
  32  4:46  Probe  
  33  4:54  Pylon  
  33  4:58  Probe  
  34  5:05  Assimilator  
  34  5:07  Assimilator  
  34  5:13  Photon Cannon  
  34  5:15  Pylon  
  34  5:26  Gateway  
  34  5:29  Dark Shrine  
  34  5:35  Probe x2  
  36  5:43  Probe x2  
  36  5:44  Photon Cannon  
  36  5:48  Observer  
  39  5:52  Probe  
  40  6:07  Templar Archives  
  40  6:30  Probe x2  
  42  6:43  Dark Templar x4  
  49  7:15  Stalker x3  
  51  7:16  Stalker  
  43  7:34  Psionic Storm  
  35  7:47  Zealot x4  
  35  7:50  Probe x2  
  42  7:53  Immortal  
  46  8:03  Probe  
  47  8:07  Dark Templar  
  49  8:12  High Templar  
  51  8:24  Probe  
  52  8:29  Photon Cannon  
  52  8:31  High Templar  
  52  8:32  Shield Battery  
  54  8:39  Immortal  
  59  8:41  Probe  
  59  8:44  Probe  
  60  8:51  Stalker  
  62  9:17  High Templar x2  
  66  9:28  Blink  
  66  9:32  Immortal  
  60  10:10  Stalker x2  
  64  10:18  Probe x2  
  66  10:30  Probe, Nexus  
  66  10:35  High Templar x3  
  71  10:36  High Templar  
  71  10:39  Gateway  
  71  10:40  Gateway  
  71  10:42  Gateway  
  75  10:43  Probe x2, Pylon  
  77  11:17  Probe x2  
  79  11:25  Robotics Bay, Pylon  
  79  11:28  Pylon  
  79  11:29  Probe  
  80  11:33  Assimilator  
  80  11:34  Stalker x2, Pylon  
  80  11:37  Pylon x2  
  80  11:39  Assimilator  
  84  11:42  Pylon  
  84  11:45  Immortal  
  88  11:48  Dark Templar  
  85  12:52  Dark Templar x4  
  87  13:33  Archon x5  
  87  13:34  Archon  
  87  13:36  High Templar x2  
  87  13:37  High Templar x2  
  91  14:15  High Templar x3  
  91  14:16  High Templar  
  99  14:17  Probe x3  
  102  14:29  Probe  
  103  14:31  Photon Cannon  
  103  14:33  Photon Cannon, Observer  
  103  14:38  Photon Cannon  
  103  14:43  High Templar x3  
  109  14:48  Zealot x4  
  109  14:52  Observer  
  118  15:10  High Templar x2  
  122  15:17  Photon Cannon  
  122  15:18  Photon Cannon  
  122  15:19  Photon Cannon, Shield Battery  
  122  15:21  Photon Cannon, Shield Battery  
  122  15:23  Photon Cannon  
  122  15:24  Photon Cannon  
  122  15:26  Shield Battery  
  122  15:27  Shield Battery  
Show
View Real Time Build Order
Export as new Build Order

MasterWar Zerg - Winner!

Build Orders: Hatch First 

Get SALT Encoding   

  12  0:01  Drone  
  13  0:08  Drone  
  14  0:37  Hatchery  
  13  0:43  Drone  
  13  0:46  Overlord  
  14  1:04  Spawning Pool  
  14  1:09  Extractor, Drone  
  13  1:14  Drone  
  14  1:18  Drone  
  14  1:22  Drone  
  16  1:34  Drone  
  17  1:43  Drone  
  18  1:49  Drone  
  18  1:51  Queen  
  21  1:55  Drone  
  21  2:00  Overlord  
  22  2:06  Drone  
  23  2:11  Metabolic Boost  
  23  2:14  Zergling x2  
  24  2:17  Zergling x2  
  25  2:24  Extractor  
  25  2:25  Zergling x2  
  25  2:35  Zergling x2  
  25  2:36  Zergling x2  
  27  2:44  Zergling x2  
  27  2:45  Zergling x2  
  27  2:51  Zergling x2  
  29  3:16  Zergling x6  
  29  3:17  Zergling x2  
  29  3:18  Zergling x2  
  29  3:19  Zergling x2  
  36  3:20  Zergling x2  
  36  3:27  Overlord  
  36  3:29  Overlord  
  36  3:41  Overlord x2  
  36  4:00  Zergling x8  
  40  4:05  Drone  
  40  4:07  Queen  
  43  4:14  Lair  
  43  4:18  Roach Warren  
  42  4:37  Zergling x2  
  42  4:38  Zergling x10  
  44  4:57  Zergling x8  
  44  4:58  Zergling x2  
  45  5:08  Zergling x2  
  45  5:09  Zergling x2  
  38  5:22  Roach x2  
  41  5:32  Zergling x6  
  41  5:34  Glial Reconstitution  
  44  5:40  Drone  
  45  5:52  Roach x2  
  45  5:53  Roach  
  44  6:22  Roach x5  
  54  6:26  Drone  
  54  6:28  Drone  
  54  6:32  Drone  
  57  6:40  Drone  
  57  6:41  Drone x2  
  57  6:46  Drone  
  61  6:49  Drone  
  62  7:05  Roach x3  
  68  7:14  Overlord x2  
  68  7:31  Overlord x3  
  68  7:33  Drone  
  68  7:34  Drone x2  
  68  7:36  Drone  
  72  7:40  Drone  
  73  7:44  Extractor  
  73  7:45  Extractor  
  38  8:34  Roach x4  
  38  8:35  Roach x8  
  61  9:02  Zergling x2  
  61  9:03  Zergling x6  
  64  9:13  Hatchery  
  64  9:14  Zergling x4  
  64  9:15  Zergling x2  
  64  9:17  Hatchery  
  65  9:20  Roach x3  
  65  9:21  Roach x2  
  62  9:39  Roach x3  
  54  10:01  Roach x4  
  60  10:14  Drone  
  60  10:15  Drone x2  
  63  10:32  Evolution Chamber  
  63  10:35  Queen  
  62  10:37  Queen  
  62  10:40  Drone x4  
  70  10:44  Drone x2  
  72  10:56  Drone  
  74  10:57  Drone x2  
  74  10:59  Drone  
  74  11:02  Zerg Missile Weapons Level 1  
  76  11:06  Evolution Chamber  
  73  11:22  Roach x3  
  73  11:23  Roach  
  81  11:33  Zergling x4  
  79  11:49  Roach x5  
  79  11:50  Zergling x2  
  90  12:08  Drone x4  
  94  12:09  Zergling x4  
  94  12:13  Roach  
  98  12:21  Roach  
  88  12:41  Roach  
  88  12:42  Roach x7  
  103  12:56  Drone x2  
  103  12:57  Infestation Pit, Drone x2  
  106  12:58  Zerg Missile Weapons Level 2  
  106  13:00  Zerg Ground Armor Level 1  
  104  13:07  Ravager x4  
  104  13:08  Ravager  
  99  13:30  Roach x2  
  99  13:31  Roach x6  
  99  13:32  Overlord x4  
  113  13:52  Extractor  
  113  13:54  Extractor  
  111  14:03  Spine Crawler  
  111  14:04  Roach x7  
  111  14:05  Zergling x10, Roach x4  
  111  14:06  Zergling x16, Spore Crawler, Spine Crawler  
  143  14:24  Roach x4  
  149  14:26  Overlord x6  
  151  14:49  Zergling x4  
  151  14:50  Zergling x16  
  151  14:51  Zergling x2  
Show
View Real Time Build Order
Export as new Build Order

MonstroTown Terran 

Build Orders:  

Get SALT Encoding   

  12  0:01  SCV  
  13  0:13  SCV  
  14  0:19  Supply Depot  
  14  0:25  SCV  
  15  0:40  SCV  
  15  0:41  Barracks  
  16  0:46  Refinery  
  16  0:52  SCV  
  17  1:04  SCV  
  18  1:16  SCV  
  19  1:30  Reaper  
  21  1:33  Orbital Command  
  20  1:47  Barracks  
  20  1:57  Supply Depot  
  20  2:02  Reaper  
  21  2:20  SCV, Refinery  
  22  2:23  Command Center  
  22  2:34  Marine  
  23  2:38  Factory  
  23  2:57  Engineering Bay  
  23  3:07  SCV  
  24  3:19  SCV  
  25  3:23  Barracks Reactor, Factory Tech Lab  
  25  3:29  Barracks Tech Lab, Starport  
  25  3:30  Barracks  
  25  3:31  SCV  
  24  3:43  SCV  
  25  3:51  Orbital Command  
  25  4:03  SCV  
  25  4:04  Marine  
  25  4:05  Marine x2  
  29  4:12  Engineering Bay  
  29  4:13  Medivac  
  29  4:15  SCV  
  32  4:19  SCV  
  33  4:26  Marine x2  
  35  4:35  Stimpack  
  31  5:10  Marine x2  
  31  5:11  Marine  
  31  5:12  Siege Tank  
  38  5:17  Barracks Reactor  
  37  5:29  Marauder, Medivac  
  37  5:32  Command Center  
  41  5:48  SCV x2  
  41  5:49  Marine  
  44  5:58  Supply Depot  
  40  6:21  Supply Depot, Marine  
  40  6:22  Marine x2  
  43  6:36  SCV, Marine  
  43  6:37  Marine  
  43  6:39  Marine x2  
  46  6:40  Supply Depot, Marine  
  46  6:41  Supply Depot, Starport Reactor  
  46  6:42  Siege Tank  
  46  6:43  Supply Depot  
  46  6:47  SCV  
  53  6:48  SCV  
  54  6:54  Marine  
  54  6:59  SCV  
  54  7:13  Missile Turret  
  54  7:17  Missile Turret  
  50  8:04  Marine x2  
  50  8:05  Marine x3  
  55  8:22  Marine x3  
  55  8:23  Marauder, Marine  
  56  8:40  Marine x2  
  58  8:43  Terran Infantry Weapons Level 1  
  58  8:45  Marauder  
  60  8:53  Factory  
  60  8:56  Armory, SCV x2  
  60  8:58  Barracks  
  60  8:59  Engineering Bay  
  62  9:06  Marauder  
  62  9:07  Starport  
  62  9:08  SCV x2  
  66  9:15  Ghost Academy  
  66  9:16  Supply Depot  
  65  9:21  Medivac x2  
  69  9:27  Marauder  
  69  9:28  Barracks  
  70  9:42  Concussive Shells  
  61  10:06  Marine x2  
  61  10:07  Marine x4  
  50  10:08  Starport Tech Lab  
  54  10:35  Marine x2  
  54  10:36  Marine x3  
  54  10:37  Marauder  
  61  10:58  Marauder  
  63  11:04  Marine x2  
  63  11:05  SCV x2, Marine  
  63  11:09  Orbital Command  
  66  11:11  Missile Turret  
  66  11:15  Marine x2  
  66  11:16  Barracks Tech Lab  
  66  11:17  SCV  
  66  11:18  SCV  
  66  11:19  Raven, Marauder  
  66  11:21  Medivac x2  
  74  11:29  SCV  
  75  11:38  Refinery  
  75  11:39  Refinery  
  69  11:41  Marauder  
  64  11:55  Marine  
  65  12:07  Bunker  
  64  12:10  Bunker  
  64  12:11  Bunker x2  
  64  12:15  Siege Tank  
  49  12:30  Marine  
  49  12:31  Marine x3  
  49  12:32  Marine x2  
  50  12:37  Marine  
  43  12:48  Marine  
  43  12:49  Marine x4  
  43  12:51  Marine  
  42  12:55  SCV x2, Marine  
  46  12:59  Bunker  
  46  13:06  Marine  
  46  13:07  SCV, Marine  
  36  13:17  Marine  
  36  13:18  Marine x3  
  33  13:28  Marauder  
  33  13:29  Marine  
  33  13:30  Hellion  
  34  13:50  Marauder  
  19  14:05  Marine  
Show
View Real Time Build Order
Export as new Build Order

Michael Zerg 

Build Orders: Hatch First 

Get SALT Encoding   

  12  0:01  Drone  
  13  0:13  Overlord  
  13  0:18  Drone  
  14  0:31  Drone x2  
  14  0:34  Drone  
  17  0:45  Drone  
  18  0:58  Hatchery  
  18  1:00  Drone  
  18  1:05  Extractor  
  17  1:17  Spawning Pool  
  16  1:21  Drone  
  16  1:24  Drone  
  18  1:32  Drone  
  19  1:39  Drone  
  21  2:08  Overlord  
  21  2:10  Overlord  
  21  2:18  Drone  
  21  2:19  Roach Warren, Queen  
  21  2:21  Extractor  
  21  2:22  Hatchery  
  21  2:28  Evolution Chamber  
  19  2:33  Drone x2  
  21  2:43  Spine Crawler  
  21  2:44  Drone  
  21  2:56  Zerg Ground Armor Level 1  
  21  3:06  Queen  
  21  3:12  Roach  
  25  3:17  Roach  
  27  3:28  Drone x2  
  29  3:38  Drone x4  
  33  3:48  Queen  
  35  4:00  Drone x2  
  35  4:01  Drone x2  
  39  4:06  Roach  
  39  4:09  Roach  
  43  4:15  Overlord  
  43  4:19  Overlord  
  43  4:30  Lair  
  32  4:47  Roach x5  
  32  4:51  Roach  
  36  4:56  Roach  
  35  5:01  Roach  
  37  5:25  Queen  
  37  5:27  Drone  
  37  5:28  Drone  
  41  5:31  Drone  
  41  5:34  Drone  
  43  5:38  Drone  
  43  5:39  Drone x2  
  43  5:40  Drone  
  47  5:46  Glial Reconstitution  
  47  6:02  Roach x4  
  50  6:23  Drone, Spine Crawler x2  
  50  6:24  Drone, Spine Crawler  
  49  6:30  Drone  
  50  6:36  Drone x3  
  53  6:40  Drone  
  54  6:57  Roach  
  54  6:58  Roach x3  
  48  7:09  Roach x2  
  48  7:12  Overseer x2  
  50  7:19  Queen  
  50  7:22  Roach  
  46  7:33  Queen  
  44  7:45  Drone  
  44  7:46  Drone x2  
  47  8:00  Zerg Missile Weapons Level 1  
  45  8:11  Roach  
  45  8:19  Queen  
  45  8:21  Queen  
  47  8:29  Roach x2  
  51  8:36  Roach  
  51  8:37  Zergling x14  
  51  8:39  Overlord  
  60  8:41  Overlord  
  60  8:56  Hatchery  
  60  8:57  Queen  
  61  9:12  Roach x4  
  69  9:19  Zergling x2  
  69  9:20  Zergling x4  
  72  9:31  Drone x3  
  69  9:48  Metabolic Boost  
  69  9:52  Drone x7  
  67  9:53  Extractor  
  67  9:54  Extractor  
  63  10:11  Roach x4  
  71  10:15  Queen  
  71  10:16  Drone x3  
  72  10:30  Hydralisk Den  
  71  10:39  Queen  
  73  10:51  Drone  
  73  10:52  Drone x2  
  73  10:53  Drone x2  
  73  10:54  Drone  
  79  11:00  Drone  
  79  11:01  Drone  
  79  11:03  Overlord x5  
  81  11:08  Muscular Augments, Infestation Pit  
  80  11:18  Spore Crawler  
  79  11:28  Drone x3  
  79  11:29  Drone x8  
  90  11:33  Extractor x2  
  90  11:35  Spore Crawler  
  90  11:38  Spore Crawler  
  86  11:48  Hydralisk x3  
  86  11:49  Hydralisk  
  94  11:55  Zergling x6  
  94  11:57  Zergling x2  
  94  11:59  Zergling x2  
  94  12:00  Zergling x2  
  100  12:05  Hydralisk x2  
  100  12:08  Hydralisk  
  104  12:10  Zergling x2  
  104  12:11  Zergling x2  
  104  12:13  Zergling x2  
  106  12:31  Hydralisk  
  95  12:39  Hydralisk x6  
  105  12:49  Overlord x3  
  85  13:14  Hydralisk x8  
  85  13:15  Hydralisk x3  
  91  13:25  Hydralisk, Zergling x2  
  91  13:26  Hydralisk x4  
  96  13:35  Drone x2  
  96  13:37  Drone  
  96  13:38  Drone x3  
  96  13:41  Hydralisk  
  102  13:46  Roach x2  
  108  13:55  Hydralisk x3  
  108  13:56  Hydralisk x2  
  108  14:00  Hydralisk  
  120  14:03  Zergling x10  
  120  14:07  Hydralisk x2  
  129  14:14  Overlord  
  129  14:33  Hydralisk x4  
  129  14:36  Overlord x5  
Tags
 
Add a new tag
Caveats
  • Supply blocks, unpowered buildings, or Contaminate may cause inaccurate times.
  • Supply counts are checked every 10 seconds.